 Dungeon Crawl Stone Soup version 0.31-a0-819-gf6de2f5ab6 (webtiles) character file.

Game seed: 17688824953813164331

69 qw the Shooter (level 4, -1/28 HPs)
             Began as a Gargoyle Hunter on Sept 23, 2023.
             Slain by a gnoll sergeant
             ... wielding a +2 trident of protection
              (2 damage)
             ... on level 2 of the Dungeon.
             The game lasted 00:00:38 (1385 turns).

qw the Shooter (Gargoyle Hunter)                    Turns: 1385, Time: 00:00:39

Health: -1/28      AC: 10    Str: 15    XL:     4   Next: 20%
Magic:  4/4        EV: 11    Int:  9    God:
Gold:   83         SH:  0    Dex: 15    Spells: 3/3 levels left

rFire   . . .        Y - +0 shortbow
rCold   . . .        (shield currently unavailable)
rNeg    + . .        h - +0 ring mail
rPois   inf          i - +0 helmet
rElec   +            j - scarf {repulsion}
rCorr   .            (no gloves)
SInv    .            (no boots)
Will    .....        (no amulet)
Stlth   +            (no ring)
HPRegen 0.24/turn    (no ring)
MPRegen 0.09/turn

%: repel missiles
@: no status effects
A: sickness immunity, AC +3, negative energy resistance 1, electricity
resistance, torment resistance 1, petrification resistance
a: no special abilities


You were on level 2 of the Dungeon.
You visited 1 branch of the dungeon, and saw 2 of its levels.

You collected 83 gold pieces.


Innate Abilities, Weirdness & Mutations

You are immune to sickness and miasma.
Your stone body is resilient. (AC +3)
You are immune to poison.
You resist negative energy. (rN+)
You are resistant to electric shocks. (rElec)
You are resistant to unholy torment.
You are immune to petrification.


   Skills:
 - Level 3.0 Fighting
 + Level 5.0 Ranged Weapons
 - Level 1.5 Armour
 - Level 1.5 Dodging
 - Level 1.1 Stealth


You had 3 spell levels left.
You didn't know any spells.
Your spell library was empty.

Inventory:

Hand Weapons
 Y - a +0 shortbow (weapon)
Armour
 h - a +0 ring mail (worn)
 i - a +0 helmet (worn)
 j - a scarf of repulsion (worn)
Potions
 b - a potion of brilliance {unknown}
 c - a potion of curing {unknown}
 e - a potion of heal wounds {unknown}

Dungeon Overview and Level Annotations

Branches:
Dungeon (2/15)

Altars:


Message History

Found a hand axe.
Found a hand axe.
A gnoll sergeant comes into view.
It is wielding a +2 trident of protection.
You shoot an arrow. The arrow hits the gnoll sergeant.
The gnoll sergeant is lightly wounded.
You shoot an arrow.
The arrow hits the gnoll sergeant but does no damage.
The gnoll sergeant is lightly wounded.
You shoot an arrow.
The arrow hits the gnoll sergeant but does no damage.
The gnoll sergeant is lightly wounded.
You shoot an arrow.
The arrow hits the gnoll sergeant but does no damage.
The gnoll sergeant is lightly wounded.
The gnoll sergeant hits you from afar with a +2 trident of protection.
You shoot an arrow.
The arrow hits the gnoll sergeant but does no damage.
The gnoll sergeant is lightly wounded.
The gnoll sergeant closely misses you.
You shoot an arrow.
The arrow hits the gnoll sergeant but does no damage.
The gnoll sergeant is lightly wounded.
The gnoll sergeant barely misses you.
The gnoll sergeant hits you from afar with a +2 trident of protection!
You shoot an arrow.
The arrow closely misses the gnoll sergeant.
The gnoll sergeant completely misses you.
You shoot an arrow.
The arrow hits the gnoll sergeant but does no damage.
The gnoll sergeant is lightly wounded.
The gnoll sergeant barely misses you.
You shoot an arrow.
The arrow hits the gnoll sergeant but does no damage.
The gnoll sergeant is lightly wounded.
The gnoll sergeant hits you from afar with a +2 trident of protection!
You shoot an arrow. The arrow hits the gnoll sergeant.
The gnoll sergeant is moderately wounded.
The gnoll sergeant hits you from afar with a +2 trident of protection!
The gnoll sergeant hits you from afar with a +2 trident of protection.
You die...

.#.#.#...##.....###
...)...#.##.#...####
.#.#.#.#.##.#......#####
.......#.....).........#
.#.###.###..####.##..#.#
...###.....## 7.7##.#.#
.....#####.# 77.77#.#.#
####.#####.# 7)..7###.#
.......##..# 7.@.7 #.#
####.#.##.## 7.....7 ###
#...##.# 7.7g.)7
#.###..# 7....7..7
#.##...#7)...!....7
###....##7.###'###.7
###...#...#7. .... .7
..#.#####.#7 ..... 7
....# ###.#


You could see a gnoll sergeant.

Vanquished Creatures
  A gnoll (D:2)
  A worm (D:2)
  A dart slug (D:1)
  3 ball pythons (D:1)
  6 bats
  5 endoplasms
  2 giant cockroaches
  4 hobgoblins
  3 jackals (D:1)
  4 quokkas
  3 frilled lizards
  5 goblins
  6 kobolds
  7 rats
51 creatures vanquished.

Notes
Turn   | Place    | Note
-------+----------+-------------------------------------------
     0 | D:1      | qw the Gargoyle Hunter began the quest for the Orb.
     0 | D:1      | Reached XP level 1. HP: 12/12 MP: 1/1
     0 | D:1      | 0 ||| qw: Version: 0.3-a-83-gcd0e7d8
     0 | D:1      | 0 ||| qw: Game counter: 1549
     0 | D:1      | 0 ||| qw: Melee chars always use a shield: true
     0 | D:1      | 0 ||| qw: God list: Okawaru
     0 | D:1      | 0 ||| qw: Allow faded altars: false
     0 | D:1      | 0 ||| qw: Do Orc after clearing Dungeon:15 true
     0 | D:1      | 0 ||| qw: Do second Lair branch before Depths: true
     0 | D:1      | 0 ||| qw: Lair rune preference: random
     0 | D:1      | 0 ||| qw: Goals: Normal
     0 | D:1      | 0 ||| PLANNING D:1-11
    82 | D:1      | Reached XP level 2. HP: 15/17 MP: 2/2
   469 | D:1      | Reached XP level 3. HP: 21/21 MP: 3/3
   498 | D:1      | Reached skill level 5 in Ranged Weapons
   763 | D:1      | 763 ||| UPGRADING to +0 ring mail.
   773 | D:1      | 773 ||| DROPPING +0 leather armour.
   774 | D:1      | 774 ||| UPGRADING to +0 helmet.
   779 | D:1      | 779 ||| UPGRADING to scarf of repulsion.
   784 | D:1      | 784 ||| READING scroll labelled NYNIAREGYTZ.
   785 | D:1      | 785 ||| READING scroll labelled DUMNOI BYAVIA.
   786 | D:1      | 786 ||| READING scroll labelled SEOMNIN UTYR.
   789 | D:1      | 789 ||| DRINKING 2 sedimented blue potions.
   824 | D:1      | 824 ||| DROPPING scroll of butterflies.
   825 | D:1      | 825 ||| DROPPING potion of lignification.
   954 | D:2      | Reached skill level 1 in Armour
   993 | D:2      | Reached XP level 4. HP: 27/27 MP: 4/4
  1102 | D:2      | 1102 ||| READING scroll labelled CIWICERUAD.
  1103 | D:2      | 1103 ||| FLEEEEING.
  1105 | D:2      | 1105 ||| FLEEEEING.
  1126 | D:2      | Reached skill level 3 in Fighting
  1375 | D:2      | Noticed a gnoll sergeant
  1385 | D:2      | HP: 1/28 [gnoll sergeant/+2 trident of protection (7)]
  1385 | D:2      | Slain by a gnoll sergeant

Levels and vault maps discovered:
D:1:      dpeg_arrival_subterranean_lakeside_camping, layout_loops_ring
D:2:      layout_basic, serial_glass, glass_columns_b, glass_columns_c,
          glass_columns_b, glass_columns_c, glass_columns_a, glass_columns_a,
          glass_columns_a, glass_columns_a, pf_guarded_unrand_woodcutter

Skill      XL: |  1  2  3  4 |
---------------+-------------+-----
Ranged Weapons | 5 |  5.0
Armour         | 1 |  1.5
Fighting       | 3 |  3.0
Dodging        | |  1.5
Stealth        | |  1.1

Action                     |  1- 3 |  4- 6 || total
---------------------------+-------+-------++-------
   Fire: Shortbow          |   107 |    37 ||   144
    Use: Scroll            |     3 |     1 ||     4
         Potion            |     1 |       ||     1
 Armour: Leather armour    |    18 |       ||    18
         Ring mail         |     4 |    10 ||    14
  Dodge: Dodged            |    34 |     8 ||    42

Table legend:
 A = Non-vault XP
 B = Vault XP
 C = Vault XP percentage of total XP
 D = Non-vault monster count
 E = Vault monster count
 F = Vault count percentage of total count
                 A         B        C        D         E       F
            +---------+---------+-------+---------+---------+-------
      Total |      78 |      21 |  21.2 |      44 |       7 |  13.7
            +---------+---------+-------+---------+---------+-------
        D:1 |      47 |       8 |  14.5 |      28 |       6 |  17.6
        D:2 |      31 |      13 |  29.5 |      16 |       1 |   5.9
            +---------+---------+-------+---------+---------+-------
